 Dungeon Crawl Stone Soup version 0.32-a0-360-gcd93b57 (webtiles) character file.

Game seed: 14897816019213240682

126 staltz the Ruffian (level 5, -8/37 HPs)
             Began as a Djinni Shapeshifter on Feb 18, 2024.
             Mangled by a goblin
             ... wielding the +8 flail of the Common Good {vamp, rElec}
             ... led by Robin
              (10 damage)
             ... on level 2 of the Dungeon.
             The game lasted 00:03:48 (1766 turns).

staltz the Ruffian (Djinni Shapeshifter)            Turns: 1766, Time: 00:03:48

Health: -8/37      AC:  2    Str: 15    XL:     5   Next: 31%
Gold:   62         EV: 12    Int: 12    God:
                   SH:  0    Dex: 12

rFire   + +          .
                       - Unarmed
rCold   x . .        (no shield)
rNeg    . . .        a - +0 animal skin
rPois   ∞            (helmet currently unavailable)
rElec   .            (cloak currently unavailable)
rCorr   .            (gloves currently unavailable)
SInv    .            (boots unavailable)
Will    .....        g - amulet of faith
Stlth   +            (no ring)
HPRegen 0.26/turn    (no ring)
MPRegen 0.00/turn

%: faith, infuse magic (-9 HP)
@: beast-form, flying
A: beast (slay +1), flying, sickness immunity, fire resistance 2, cold
vulnerability 1, float, innate caster, HP casting, extra vitality 1
a: Begin Untransformation


You were on level 2 of the Dungeon.
You were a hulking beast.
You visited 1 branch of the dungeon, and saw 2 of its levels.

You collected 62 gold pieces.

Inventory:

Armour
 a - a +0 animal skin (worn)
Magical Staves
 j - a staff of fire
 k - a staff of cold
Jewellery
 g - an amulet of faith (around neck)
Talismans
 c - a beast talisman (active)
 d - a flux talisman
Wands
 b - a wand of flame (28)
Scrolls
 e - a scroll of poison {unknown}
 f - a scroll of vulnerability {unknown}
 i - a scroll of teleportation {unknown}
 l - a scroll of identify {unknown}
 n - a scroll of brand weapon


   Skills:
 + Level 1.2 Fighting
 + Level 3.2 Dodging
 + Level 0.2 Stealth
 + Level 4.4 Unarmed Combat
 + Level 3.3 Shapeshifting


You knew the following spells:

 Your Spells              Type           Power      Damage    Failure   Level
a - Freeze                Ice            0%         1d3       32%         1
b - Ensorcelled Hibernat  Hex/Ice        0%         N/A       45%         2
Your spell library was empty.

Dungeon Overview and Level Annotations

Branches:
Dungeon (2/15)

Altars:

Annotations:
D:2 Robin, Terence


Innate Abilities, Weirdness & Mutations

You are a hulking beast.
Your limbs bulge with bestial killing power. (Slay +1)
You are flying.
You are immune to sickness and miasma.
You are immune to poison.
Your flesh is very heat resistant. (rF++)
You are vulnerable to cold. (rC-)
You float through the air rather than walking.
You learn spells naturally, not from books.
Your magical power is your life essence.
You have superior vitality. (+4 MHP)


Message History

It was a potion of curing.
You feel better. The goblin closely misses you.
Okay, then.
Unknown command.
Unknown command.
You hit the goblin.
You kill the goblin!
You punch the goblin!
You kill the goblin!
You closely miss the hobgoblin. The hobgoblin barely misses you.
You hit the hobgoblin.
The hobgoblin is lightly wounded.
Robin throws the goblin at you! The goblin misses you.
The hobgoblin completely misses you.
You hit the hobgoblin.
The hobgoblin is heavily wounded.
The goblin hits you with a +0 dagger. The hobgoblin misses you.
You hit the goblin but do no damage. The goblin barely misses you.
The hobgoblin hits you with a +0 dagger!
You hit the goblin.
You kill the goblin!
The hobgoblin no longer looks unusually strong.
Robin throws the goblin at you! The goblin misses you.
The hobgoblin barely misses you.
You closely miss the goblin. The goblin barely misses you.
The hobgoblin hits you with a +0 dagger.
You barely miss the goblin.
The goblin hits you with the +8 flail of the Common Good {vamp, rElec}!
* * * LOW HITPOINT WARNING * * *
The hobgoblin closely misses you.
You completely miss the goblin. The goblin closely misses you.
The hobgoblin hits you with a +0 dagger.
* * * LOW HITPOINT WARNING * * *
Unknown command.
You aren't carrying any potions.
As you read the scroll labelled MAICOXI WIYGI, it crumbles to dust.
It is a scroll of brand weapon.
You aren't carrying any weapons that can be branded.
The goblin no longer looks unusually strong.
The goblin hits you with the +8 flail of the Common Good {vamp, rElec}!
You die...

###########.#..##.###..#.......
#..............##...##.#.......
#.)............................
#..............)#...##.........
#.......†....^..##.###.........
#...............##..##.........
#....#####........#..#..###...#
#....# #.###g#.....#.## #.#..
#....# #.# #h#.##..#.## #.###
#....# #.###g#.###....###.# #
###### #...gg#.# ##.......###
####.g..####....##....
#...g##....#.##.#..
##.........#....#.#
#...##....####....
##...####.####.... .#..#
#.........


You could see Robin, 2 hobgoblins and 2 goblins.

Vanquished Creatures
  Natasha (thrice) (D:1)
  3 bats (D:1)
  2 endoplasms (D:1)
  2 giant cockroaches
  7 goblins
  3 hobgoblins
  3 ball pythons
  2 kobolds
  5 rats (D:1)
30 creatures vanquished.

Notes
Turn   | Place    | Note
-------+----------+-------------------------------------------
     0 | D:1      | staltz the Djinni Shapeshifter began the quest for the Orb.
     0 | D:1      | Reached XP level 1. HP: 17/17 MP: 0/0
    90 | D:1      | Reached XP level 2. HP: 20/22 MP: 0/0
   275 | D:1      | Reached XP level 3. HP: 21/27 MP: 0/0
   275 | D:1      | Learned a level 1 spell: Freeze
   633 | D:2      | Noticed Terence
   647 | D:2      | Noticed Natasha
   674 | D:1      | Killed Natasha
   675 | D:1      | Reached XP level 4. HP: 22/32 MP: 0/0
  1113 | D:1      | Noticed Natasha
  1123 | D:1      | Killed Natasha
  1124 | D:1      | Reached skill level 4 in Unarmed Combat
  1460 | D:1      | Noticed Natasha
  1484 | D:1      | Killed Natasha
  1485 | D:1      | Reached XP level 5. HP: 26/37 MP: 0/0
  1485 | D:1      | Learned a level 2 spell: Ensorcelled Hibernation
  1742 | D:2      | Noticed Robin
  1750 | D:2      | Identified the +8 flail of the Common Good {vamp, rElec}
  1766 | D:2      | Mangled by a goblin

Illustrated notes

Levels and vault maps discovered:
D:1:      psy_arrival_basics, layout_rooms, minmay_misc_feat_chi
D:2:      layout_rooms, uniq_terence, uniq_natasha, uniq_robin

Skill      XL: |  1  2  3  4 |
---------------+-------------+-----
Shapeshifting  | 3 |  3.3
Unarmed Combat | 4 |  4.4
Dodging        | 3 |  3.2
Fighting       | |  1.2
Stealth        | |  0.2

Action                     |  1- 3 |  4- 6 || total
---------------------------+-------+-------++-------
  Melee: Unarmed           |    81 |    41 ||   122
         Punch             |     1 |       ||     1
    Use: Potion            |       |     3 ||     3
         Scroll            |       |     1 ||     1
 Armour: Animal skin       |    39 |    28 ||    67
         Skin              |       |     4 ||     4
  Dodge: Dodged            |    54 |    26 ||    80

Table legend: (Time is in decaauts)
 A = Elapsed time spent in this place.
 B = Non-inter-level travel time spent in this place.
 C = Inter-level travel time spent in this place.
 D = Time resting spent in this place.
 E = Time spent auto-exploring this place.
 F = Levels seen in this place.
 G = Mean time per level.
                   A        B        C        D        E       F      G
               +--------+--------+--------+--------+--------+-----+--------+
         Total |   1785 |   1780 |      5 |    534 |    929 |   2 |  892.5 |
       Dungeon |   1785 |   1780 |      5 |    534 |    929 |   2 |  892.5 |
               +--------+--------+--------+--------+--------+-----+--------+

Top non-repeatable levels by time:
     D:1: 1375 daAuts
     D:2: 410 daAuts
